 Dungeon Crawl Stone Soup version 0.31-a0-239-g0a1456f148 (webtiles) character file.

Game seed: 12055288954196819014

158 qw the Shooter (level 5, -7/44 HPs)
             Began as a Minotaur Hexslinger on July 11, 2023.
             Mangled by Eustachio
             ... wielding a +0 heavy falchion
              (10 damage)
             ... on level 4 of the Dungeon.
             The game lasted 00:01:01 (2453 turns).

qw the Shooter (Minotaur Hexslinger)                Turns: 2453, Time: 00:01:01

Health: -7/44      AC:  6    Str: 11 (12) XL:     5   Next: 16%
Magic:  5/5        EV: 10    Int:  7 (10) God:
Gold:   144        SH:  0    Dex: 13 (15) Spells: 5/6 levels left

rFire   . . .        Y - +1 sling (drain)
rCold   . . .        (no shield)
rNeg    . . .        d - +0 ring mail
rPois   .            (helmet restricted)
rElec   .            (no cloak)
rCorr   .            (no gloves)
SInv    .            g - +0 pair of boots
Will    .....        (no amulet)
Stlth   +            (no ring)
HPRegen 0.27/turn    (no ring)
MPRegen 0.09/turn

%: no passive effects
@: mighty
A: horns 2, retaliatory headbutt
a: no special abilities


You were on level 4 of the Dungeon.
You visited 1 branch of the dungeon, and saw 4 of its levels.

You collected 144 gold pieces.


Innate Abilities, Weirdness & Mutations

You have a pair of horns on your head.
You reflexively headbutt those who attack you in melee.


   Skills:
 + Level 2.8 Fighting
 - Level 5.0 Ranged Weapons
 - Level 1.9 Armour
 - Level 2.1 Dodging
 - Level 1.0 Spellcasting
 - Level 2.0 Hexes


You had 5 spell levels left.
You knew the following spells:

 Your Spells              Type           Power      Damage    Failure   Level
a - Slow                  Hex            12%        N/A       41%         1

Your spell library contained the following spells:

 Spells                   Type           Power      Damage    Failure   Level
 Inner Flame              Hex/Fire       1%         N/A       89%         3
 Portal Projectile        Hex/Tloc       2%         N/A       89%         3
 Cause Fear               Hex            1%         N/A       99%         4

Inventory:

Hand Weapons
 Y - a +1 sling of draining (weapon)
Armour
 d - a +0 ring mail (worn)
 g - a +0 pair of boots (worn)
Scrolls
 h - a scroll of identify
Potions
 a - a potion of might
 b - a potion of berserk rage {unknown}
 e - a potion of curing
 i - a potion of haste {unknown}
 k - a potion of attraction {unknown}

Dungeon Overview and Level Annotations

Branches:
Dungeon (4/15)
 Temple: D:4-7

Altars:
Makhleb
Qazlal

Shops:
D:1 (

Annotations:
D:4 Eustachio


Message History

You shoot a sling bullet. The sling bullet hits Eustachio.
You drain Eustachio.
Eustachio is lightly wounded.
The ufetubus hits you.
The ufetubus hits you but does no damage.
Eustachio hits you with a +0 heavy falchion.
The ufetubus barely misses you. x2
You shoot a sling bullet.
The sling bullet hits Eustachio but does no damage.
You drain Eustachio.
Eustachio is moderately wounded.
The ufetubus hits you but does no damage.
The ufetubus misses you.
Eustachio hits you with a +0 heavy falchion!
The ufetubus barely misses you. You furiously retaliate!
You headbutt the ufetubus!
You kill the ufetubus!
The ufetubus disappears in a puff of smoke!
You shoot a sling bullet. The sling bullet hits Eustachio.
Eustachio is moderately wounded.
Eustachio mumbles some strange words.
The river rat bites you but does no damage.
You shoot a sling bullet. The sling bullet misses Eustachio.
The bat hits you but does no damage. Eustachio barely misses you.
You furiously retaliate!
You headbutt Eustachio!
The river rat bites you but does no damage.
You shoot a sling bullet.
The sling bullet barely misses Eustachio.
The bat closely misses you. The river rat bites you.
Eustachio barely misses you.
You shoot a sling bullet.
The sling bullet barely misses Eustachio.
The bat closely misses you.
The river rat bites you but does no damage.
Eustachio hits you with a +0 heavy falchion.
The river rat bites you!
You shoot a sling bullet. The sling bullet misses Eustachio.
The bat misses you. The bat hits you but does no damage.
The river rat bites you but does no damage.
Eustachio hits you with a +0 heavy falchion!
You die...

## +.
##.#+#
....#
...# #
.b# .#
#r## ..
#@@##.#
#b....#
##<####
#......#
#:#.##.#
#.#.# #
# ..#
.## .


You could see Eustachio (very drained), a river rat (summoned) and 2 bats.

Vanquished Creatures
  Ijyb (D:3)
  3 gnolls (D:2)
  3 adders
  3 worms (D:2)
  A dart slug (D:1)
  An orc (D:2)
  6 endoplasms
  A giant cockroach (D:1)
  7 goblins
  3 hobgoblins (D:2)
  6 jackals (D:1)
  2 quokkas
  3 ball pythons
  8 bats
  5 frilled lizards
  6 kobolds
  6 rats
65 creatures vanquished.

Notes
Turn   | Place    | Note
-------+----------+-------------------------------------------
     0 | D:1      | qw the Minotaur Hexslinger began the quest for the Orb.
     0 | D:1      | Reached XP level 1. HP: 16/16 MP: 1/1
     0 | D:1      | 0 ||| qw: Version: 0.3-a-52-g30416fa
     0 | D:1      | 0 ||| qw: Game counter: 5893
     0 | D:1      | 0 ||| qw: Melee chars always use a shield: true
     0 | D:1      | 0 ||| qw: God list: Okawaru
     0 | D:1      | 0 ||| qw: Allow faded altars: false
     0 | D:1      | 0 ||| qw: Do Orc after clearing Dungeon:15 true
     0 | D:1      | 0 ||| qw: Do second Lair branch before Depths: true
     0 | D:1      | 0 ||| qw: Lair rune preference: random
     0 | D:1      | 0 ||| qw: Goals: Normal
     0 | D:1      | 0 ||| PLANNING D:1-11
    21 | D:1      | Found Cuud's Antique Weapon Emporium.
    90 | D:1      | Reached skill level 3 in Ranged Weapons
   110 | D:1      | Reached XP level 2. HP: 23/23 MP: 2/2
   647 | D:1      | Reached XP level 3. HP: 29/29 MP: 3/3
   700 | D:1      | 700 ||| UPGRADING to +0 pair of boots.
   705 | D:1      | 705 ||| UPGRADING to +0 leather armour.
   715 | D:1      | 715 ||| DROPPING +0 robe.
   716 | D:1      | 716 ||| READING scroll labelled PAOHAISSAY.
   717 | D:1      | 717 ||| READING scroll labelled KUUDGH NO ANKA.
   718 | D:1      | 718 ||| READING scroll labelled GINUSASALA.
   719 | D:1      | 719 ||| DRINKING 2 puce potions.
   720 | D:1      | 720 ||| DROPPING scroll of poison.
   721 | D:1      | 721 ||| DROPPING potion of brilliance.
   758 | D:2      | 758 ||| STAIRDANCE
   847 | D:2      | Reached skill level 4 in Ranged Weapons
   971 | D:2      | Found a burning altar of Makhleb.
  1076 | D:2      | Reached XP level 4. HP: 36/36 MP: 4/4
  1141 | D:2      | Reached skill level 5 in Ranged Weapons
  1201 | D:2      | 1201 ||| FLEEEEING.
  1670 | D:2      | 1670 ||| UPGRADING to +0 ring mail.
  1680 | D:2      | 1680 ||| DROPPING +0 leather armour.
  1681 | D:2      | 1681 ||| READING scroll labelled EDUOZI VONUIPI.
  1682 | D:2      | 1682 ||| READING scroll labelled WIDIXI MINUALE.
  1764 | D:3      | Found a stormy altar of Qazlal.
  2034 | D:3      | Noticed Ijyb
  2061 | D:3      | Killed Ijyb
  2062 | D:3      | Reached skill level 1 in Armour
  2062 | D:3      | Reached XP level 5. HP: 29/42 MP: 5/5
  2411 | D:3      | 2411 ||| READING scroll labelled PICKITO GUUMP.
  2412 | D:3      | 2412 ||| DRINKING 2 green potions.
  2413 | D:3      | 2413 ||| DRINKING 2 lumpy clear potions.
  2414 | D:3      | 2414 ||| DRINKING 2 silvery potions.
  2415 | D:3      | 2415 ||| DROPPING potion of degeneration.
  2437 | D:4      | Noticed Eustachio
  2451 | D:4      | HP: 10/44 [river rat[Eustachio] (3)]
  2452 | D:4      | HP: 3/44 [river rat[Eustachio] (7)]
  2453 | D:4      | Mangled by Eustachio

Levels and vault maps discovered:
D:1:      amcnicky_arrival_feature_with_door, layout_loops_ring, serial_shops,
          shop
D:2:      layout_basic, serial_corexii_hall, chequers_hall_statues_wall_a,
          chequers_hall_statues_wall_a, basic_altar
D:3:      layout_loops_cross, nicolae_qazlal_scattered_showers, corexii_shack,
          uniq_ijyb
D:4:      nicolae_cairo_tiling_large, layout_loops_cross,
          minmay_stone_trees_small, uniq_eustachio, uniq_blork_the_orc

Skill      XL: |  1  2  3  4 |
---------------+-------------+-----
Ranged Weapons | 3 4 5 |  5.0
Fighting       | 2 |  2.8
Armour         | 1 |  1.9
Dodging        | |  2.1
Spellcasting   | |  1.0
Hexes          | |  2.0

Action                     |  1- 3 |  4- 6 || total
---------------------------+-------+-------++-------
   Fire: Sling             |   106 |   104 ||   210
    Use: Scroll            |     3 |     3 ||     6
         Potion            |     1 |     3 ||     4
 Armour: Robe              |     2 |       ||     2
         Leather armour    |     5 |     1 ||     6
         Ring mail         |       |    26 ||    26
  Dodge: Dodged            |    24 |    54 ||    78

Table legend:
 A = Non-vault XP
 B = Vault XP
 C = Vault XP percentage of total XP
 D = Non-vault monster count
 E = Vault monster count
 F = Vault count percentage of total count
                 A         B        C        D         E       F
            +---------+---------+-------+---------+---------+-------
      Total |     189 |      38 |  16.7 |      63 |       2 |   3.1
            +---------+---------+-------+---------+---------+-------
        D:1 |      56 |       0 |   0.0 |      26 |       0 |   0.0
        D:2 |     103 |       0 |   0.0 |      25 |       0 |   0.0
        D:3 |      27 |      38 |  58.5 |      10 |       2 |  16.7
        D:4 |       3 |       0 |   0.0 |       2 |       0 |   0.0
            +---------+---------+-------+---------+---------+-------
